 Dungeon Crawl Stone Soup version 0.24-a0-619-gb7544fd (webtiles) character file.

Game seed: 4567266194137416123, levelgen mode: deterministic

12827 Blackhawk the Fighter (level 11, -4/73 HPs)
             Began as a Gargoyle Fighter on Sept 17, 2019.
             Was a High Priest of Trog.
             Slain by a death yak (17 damage)
             ... on level 10 of the Dungeon.
             The game lasted 00:16:36 (10053 turns).

Blackhawk the Fighter (Gargoyle Fighter)           Turns: 10053, Time: 00:16:37

Health: -4/73      AC: 27    Str: 23    XL:     11   Next: 99%
Magic:  11/11      EV:  7    Int: 18    God:    Trog [*****.]
Gold:   570        SH: 12    Dex:  9    Spells: 10/10 levels left

rFire    + . .     SeeInvis .   M - +4 morningstar of Owoedecs {crush, rPois Int+9}
rCold    . . .     Gourm    .   c - +0 shield
rNeg     + . .     Faith    .   r - +0 chain mail
rPois    ∞         Spirit   .   i - +2 helmet
rElec    +         Reflect  .   I - +1 cloak
rCorr    .         Harm     .   e - +0 pair of gloves
MR       .....                  (no boots)
Stlth    ..........             (no amulet)
HPRegen  0.22/turn              (no ring)
MPRegen  0.12/turn              H - ring of protection from fire

@: no status effects
A: negative energy resistance 1, electricity resistance, unbreathing,
petrification resistance, rot immunity, AC +8
a: Berserk, Trog's Hand, Brothers in Arms, Renounce Religion


You were on level 10 of the Dungeon.
You worshipped Trog.
Trog was extremely pleased with you.
You were very hungry.

You visited 1 branch of the dungeon, and saw 11 of its levels.

You collected 570 gold pieces.

Inventory:

Hand Weapons
 a - a +0 flail
 y - a +5 mace
 M - the +4 morningstar of Owoedecs (weapon) {crush, rPois Int+9}
   (You found it on level 7 of the Dungeon)

   It inflicts extra damage upon your enemies.
   It affects your intelligence (+9).
   It protects you from poison.
Armour
 c - a +0 shield (worn)
 e - a +0 pair of gloves (worn)
 i - a +2 helmet (worn)
 r - a +0 chain mail (worn)
 I - a +1 cloak (worn)
 N - a +2 cloak
Jewellery
 H - a ring of protection from fire (right hand)
 L - a cursed ring of attention {unknown}
 R - a cursed amulet of magic regeneration {unknown}
Wands
 j - a wand of digging (13)
 x - a wand of iceblast (7)
 A - a wand of random effects (13)
 J - a wand of polymorph (5)
Scrolls
 b - 3 scrolls of silence {unknown}
 h - 2 scrolls of enchant weapon
 k - 8 scrolls of identify
 m - 5 scrolls of remove curse
 q - 2 scrolls of fog
 v - a scroll of blinking {unknown}
 w - 2 scrolls of fear {unknown}
 z - 2 scrolls of holy word {unknown}
 B - 2 scrolls of random uselessness {unknown}
 D - a scroll of immolation
 E - 2 scrolls of magic mapping {unknown}
 G - a scroll of vulnerability {unknown}
 K - a scroll of noise {unknown}
 O - 4 scrolls of teleportation
Potions
 d - a potion of might
 g - 2 potions of berserk rage {unknown}
 l - 6 potions of curing
 n - 3 potions of lignification {unknown}
 o - 2 potions of haste
 p - a potion of agility {unknown}
 s - 3 potions of flight
 t - 4 potions of heal wounds {unknown}
 u - a potion of brilliance {unknown}
 C - 12 potions of degeneration
 F - 3 potions of ambrosia {unknown}
 Q - a potion of magic {unknown}
Comestibles
 f - 24 rations


   Skills:
 + Level 10.8 Fighting
 + Level 9.7 Maces & Flails
 + Level 10.8 Armour
 + Level 10.8 Shields


You had 10 spell levels left.
You didn't know any spells.
Your spell library was empty.

Dungeon Overview and Level Annotations

Branches:
Dungeon (11/15)            Temple (0/1) D:5             Orc (0/2) D:10
   Lair: D:8-11

Altars:
Elyvilon
Kikubaaqudgha
Makhleb
Nemelex Xobeh
Qazlal
Trog

Shops:
D:9 :

Annotations:
D:8 1 runed translucent door, edsrzf's ghost, novice OpEn
D:11 2 transporters, Vilemaster47's ghost, journeyman TrFi


Innate Abilities, Weirdness & Mutations

You are resistant to torment.
Your stone body is resilient. (AC +8)
You are immune to poison.
You resist negative energy. (rN+)
You are resistant to electric shocks. (rElec)
You can survive without breathing.
You are immune to petrification.
You are immune to rotting.


Message History

You impale the bullfrog!!
The bullfrog is almost dead.
The bullfrog hits you.
You thump the bullfrog!
You kill the bullfrog!
Trog accepts your kill.
You completely miss the death yak. The death yak gores you.
You hit the death yak but do no damage.
You are feeling very hungry.
The death yak closely misses you.
You completely miss the death yak.
The death yak gores you but does no damage.
You bludgeon the death yak!!
The death yak is moderately wounded.
The death yak gores you!
* * * LOW HITPOINT WARNING * * *
You hit the death yak but do no damage.
The death yak is moderately wounded.
The death yak gores you!
You die...

..........................##..##
...)...........###............###
..............#####.....##......#
..............##........###....##
....................###.....#..#
.............#..##F.####...##.##
...........##.#.##...##....####
......#.......#.###...#.....##
..#######.....#.@Y...........##
..# ##......###.#...##....#
..#######.....### ###...#.....#
..##..#.......## ####..>#....##
...............###...........##
....#..........##........##...#
...##...........#......#.###..#
................#......####...#
...#..###..#......#....###..###


You could see a death yak.

Vanquished Creatures
  Fannar (D:9)
  2 death yaks (D:11)
  A two-headed ogre (D:11)
  2 unseen horrors
  A gargoyle (D:10)
  The ghost of bakahatsu the Slinger, a novice HaHu (D:5)
  2 trolls
  A queen bee (D:10)
  A hornet (D:10)
  2 hippogriffs
  Sigmund (D:3)
  4 yaks (D:9)
  2 hungry ghosts
  A water moccasin (D:11)
  A porcupine (D:11)
  Duvessa (D:6)
  4 orc warriors
  A swamp drake (D:10)
  An ice beast (D:9)
  2 black bears
  3 sky beasts
  A necrophage (D:10)
  An eye of draining (D:11)
  A phantom (D:11)
  4 ogres
  2 centaurs (D:7)
  4 bullfrogs
  Dowan (D:6)
  5 scorpions
  19 killer bees
  2 howler monkeys
  The ghost of Spazmo the Magician, a weakling DEFE (D:3)
  3 bullfrog zombies
  3 centaur zombies
  4 crimson imps
  10 hounds
  4 jellies
  3 bullfrog skeletons
  6 orc priests
  11 orc wizards
  A centaur skeleton (D:10)
  4 iguanas
  Natasha (thrice) (D:3)
  A hell rat (D:11)
  7 worker ants
  A hound zombie (D:9)
  A hound skeleton (D:6)
  A worker ant zombie (D:10)
  10 adders
  2 river rats (D:11)
  A shadow imp (D:10)
  An ooze (D:4)
  An adder skeleton (D:8)
  An adder zombie (D:5)
  6 worms
  3 dart slugs
  4 leopard geckos (D:4)
  31 orcs
  2 ball pythons (D:3)
  5 giant cockroaches
  9 goblins
  11 hobgoblins
  12 jackals
  6 quokkas
  A ball python skeleton (D:5)
  8 bats
  5 frilled lizards
  A jackal skeleton (D:7)
  8 kobolds
  2 quokka skeletons
  A quokka zombie (D:6)
  13 rats
283 creatures vanquished.

Vanquished Creatures (collateral kills)
  A two-headed ogre (D:11)
  A hungry ghost (D:11)
  A hound zombie (D:11)
3 creatures vanquished.

Grand Total: 286 creatures vanquished

Notes
Turn   | Place    | Note
-------+----------+-------------------------------------------
     0 | D:1      | Blackhawk the Gargoyle Fighter began the quest for the Orb.
     0 | D:1      | Reached XP level 1. HP: 14/14 MP: 1/1
   169 | D:1      | Reached XP level 2. HP: 19/19 MP: 2/2
   404 | D:1      | Reached XP level 3. HP: 23/23 MP: 3/3
  1105 | D:2      | Noticed a moth of wrath
  1108 | D:2      | Found a bloodstained altar of Trog.
  1259 | D:2      | Reached XP level 4. HP: 29/29 MP: 4/4
  1274 | D:2      | Became a worshipper of Trog the Wrathful
  1433 | D:2      | Found a white marble altar of Elyvilon.
  1433 | D:2      | Found a burning altar of Makhleb.
  1439 | D:2      | Found a sparkling altar of Nemelex Xobeh.
  2144 | D:3      | Found a runed translucent gate.
  2144 | D:3      | Found a runed translucent gate.
  2146 | D:3      | Found a runed translucent gate.
  2146 | D:3      | Noticed Spazmo's ghost (weakling DEFE)
  2196 | D:3      | Noticed Natasha
  2197 | D:3      | Noticed Sigmund
  2359 | D:4      | Reached * piety under Trog
  2470 | D:4      | Reached XP level 5. HP: 29/33 MP: 5/5
  2711 | D:4      | Found a stormy altar of Qazlal.
  3086 | D:4      | Reached XP level 6. HP: 32/39 MP: 6/6
  3304 | D:5      | Entered Level 5 of the Dungeon
  3472 | D:5      | Reached skill level 5 in Fighting
  3472 | D:5      | Reached skill level 5 in Armour
  3472 | D:5      | Reached skill level 5 in Shields
  3477 | D:5      | Reached XP level 7. HP: 31/44 MP: 7/7
  3579 | D:5      | Found an ancient bone altar of Kikubaaqudgha.
  3749 | D:5      | Found a staircase to the Ecumenical Temple.
  3837 | D:5      | Reached ** piety under Trog
  3903 | D:5      | Found a runed translucent gate.
  3904 | D:5      | Found a runed translucent gate.
  3905 | D:5      | Found a runed translucent gate.
  3907 | D:5      | Noticed bakahatsu's ghost (novice HaHu)
  3921 | D:5      | Killed bakahatsu's ghost
  3921 | D:5      | Reached XP level 8. HP: 51/51 MP: 8/8
  4109 | D:3      | Killed Natasha
  4124 | D:3      | Noticed Natasha
  4131 | D:3      | Killed Natasha
  4131 | D:3      | Reached skill level 5 in Maces & Flails
  4181 | D:3      | Killed Sigmund
  4542 | D:3      | Noticed Natasha
  4554 | D:3      | Killed Natasha
  4626 | D:3      | Killed Spazmo's ghost
  5143 | D:6      | Noticed Duvessa
  5144 | D:6      | Noticed Dowan
  5172 | D:6      | Killed Duvessa
  5196 | D:6      | Killed Dowan
  5422 | D:6      | Reached XP level 9. HP: 56/56 MP: 9/9
  6043 | D:7      | Reached *** piety under Trog
  6204 | D:7      | Got a fine morningstar
  6219 | D:7      | Identified the +4 morningstar of Owoedecs {crush, rPois
                  | Int+9} (You found it on level 7 of the Dungeon)
  6489 | D:8      | Found a runed translucent door.
  6491 | D:8      | Noticed edsrzf's ghost (novice OpEn)
  6491 | D:8      | Noticed an eight-headed hydra
  7269 | D:9      | Found Maqymeca's Book Emporium.
  7341 | D:9      | Reached XP level 10. HP: 52/64 MP: 10/10
  7342 | D:9      | Reached **** piety under Trog
  8187 | D:10     | Entered Level 10 of the Dungeon
  8188 | D:10     | Noticed a gargoyle
  8240 | D:10     | Killed a gargoyle
  8427 | D:10     | Reached ***** piety under Trog
  8436 | D:10     | Noticed Fannar
  8549 | D:9      | Killed Fannar
  8549 | D:9      | Reached XP level 11. HP: 55/72 MP: 11/11
  9239 | D:10     | Killed an unseen horror
  9239 | D:10     | Reached skill level 10 in Fighting
  9239 | D:10     | Reached skill level 10 in Armour
  9239 | D:10     | Reached skill level 10 in Shields
  9463 | D:10     | Found a staircase to the Orcish Mines.
  9678 | D:11     | Found a transporter.
  9694 | D:11     | Noticed Vilemaster47's ghost (journeyman TrFi)
  9695 | D:11     | Noticed a phantasmal warrior
  9697 | D:11     | Noticed a two-headed ogre
  9773 | D:11     | Found a transporter.
  9784 | D:11     | Killed an unseen horror
  9797 | D:11     | Noticed a two-headed ogre
  9808 | D:11     | Noticed a death yak
  9809 | D:11     | Killed a two-headed ogre
  9812 | D:11     | Noticed a death yak
  9812 | D:11     | Noticed a death yak
  9981 | D:11     | Noticed a two-headed ogre
  9993 | D:11     | Killed a death yak
 10004 | D:11     | Killed a death yak
 10008 | D:11     | Killed a two-headed ogre
 10009 | D:11     | Received a gift from Trog
 10053 | D:10     | Slain by a death yak

Levels and vault maps discovered:
D:1:      mrwooster_arrival_statue_3, layout_basic
D:2:      layout_basic, tgw_trog, minitemple, first_ration
D:3:      layout_loops_corners, gammafunk_ghost_split, uniq_natasha,
          uniq_sigmund
D:4:      layout_loops_ring, grunt_qazlal_clouds
D:5:      layout_rooms, kiku_gazebo_pond_becter, minmay_temple_entry_large_hall,
          ebering_ghost_rock_garden, bh_walls_and_bars
D:6:      layout_basic, minmay_crystal_room, minivault_5, minmay_misc_feat_five,
          uniq_duvessa
D:7:      layout_cave_pools
D:8:      layout_gridville, ebering_ghost_inner_flame
D:9:      layout_irregular_city, serial_shops, nicolae_shop_waterfront
D:10:     layout_cave_pools, erik_orc_1, david_nohive_1, uniq_fannar
D:11:     layout_loops_ring, dpeg_lair_monsters, serial_shops, shop,
          gammafunk_ghost_arena, gauntlet_entry_generic

Skill      XL: |  1  2  3  4  5  6  7  8  9 10 11 |
---------------+----------------------------------+-----
Shields        | 4 5 6 8 9 10 | 10.8
Fighting       | 4 5 6 8 9 10 | 10.8
Armour         | 4 5 6 8 9 10 | 10.8
Maces & Flails | 3 4 5 7 8 9 |  9.7

Action                   |  1- 3 |  4- 6 |  7- 9 | 10-12 || total
-------------------------+-------+-------+-------+-------++-------
Melee: Flail             |   183 |   244 |       |       ||   427
       Mace              |       |    11 |   287 |       ||   298
       Morningstar       |       |       |    84 |   372 ||   456
Invok: Berserk           |       |       |     2 |     3 ||     5
       Brothers in Arms  |       |       |       |     1 ||     1
  Use: Scroll            |       |       |     7 |     1 ||     8
  Eat: Chunk             |     1 |     7 |    17 |    11 ||    36
       Ration            |       |       |       |     1 ||     1
Armor: Scale mail        |   115 |    42 |       |       ||   157
       Chain mail        |       |   130 |   252 |   363 ||   745
Dodge: Dodged            |    70 |    69 |    95 |   128 ||   362
Block: Shield            |    99 |   167 |   195 |   351 ||   812

Table legend:
 A = Non-vault XP
 B = Vault XP
 C = Vault XP percentage of total XP
 D = Non-vault monster count
 E = Vault monster count
 F = Vault count percentage of total count
                 A         B        C        D         E       F
            +---------+---------+-------+---------+---------+-------
      Total |   12768 |    5557 |  30.3 |     231 |      55 |  19.2
            +---------+---------+-------+---------+---------+-------
        D:1 |      38 |       0 |   0.0 |      23 |       0 |   0.0
        D:2 |      53 |      17 |  24.3 |      18 |       5 |  21.7
        D:3 |     130 |     305 |  70.1 |      20 |       6 |  23.1
        D:4 |     248 |       0 |   0.0 |      15 |       0 |   0.0
        D:5 |     599 |     365 |  37.9 |      20 |       1 |   4.8
        D:6 |     465 |     198 |  29.9 |      16 |       2 |  11.1
        D:7 |    1303 |       0 |   0.0 |      17 |       0 |   0.0
        D:8 |     704 |       0 |   0.0 |      17 |       0 |   0.0
        D:9 |    2340 |    1212 |  34.1 |      40 |       6 |  13.0
       D:10 |    3125 |    1492 |  32.3 |      22 |      28 |  56.0
       D:11 |    3763 |    1968 |  34.3 |      23 |       7 |  23.3
            +---------+---------+-------+---------+---------+-------
